 Dungeon Crawl Stone Soup version 0.31-a0-267-g3fc6992b3b (webtiles) character file.

Game seed: 11194936207137747996

299 qw the Shooter (level 6, -13/52 HPs)
             Began as a Minotaur Hexslinger on July 14, 2023.
             Mangled by an ogre
             ... wielding a +0 giant club
              (16 damage)
             ... on level 5 of the Dungeon.
             The game lasted 00:01:13 (3452 turns).

qw the Shooter (Minotaur Hexslinger)                Turns: 3452, Time: 00:01:13

Health: -13/52     AC:  6    Str: 13    XL:     6   Next: 13%
Magic:  6/6        EV: 11    Int: 10    God:
Gold:   67         SH:  0    Dex: 14    Spells: 6/7 levels left

rFire   . . .        Y - +1 sling
rCold   + . .        (no shield)
rNeg    . . .        f - +0 ring mail
rPois   .            (helmet restricted)
rElec   .            (no cloak)
rCorr   .            d - +0 pair of gloves
SInv    .            (no boots)
Will    .....        a - amulet of regeneration
Stlth   ++           l - ring of protection from cold
HPRegen 1.08/turn    (no ring)
MPRegen 0.10/turn

%: no passive effects
@: about to teleport
A: horns 2, retaliatory headbutt, camouflage 1, sense surroundings 1, wild magic
1
a: no special abilities


You were on level 5 of the Dungeon.
You visited 1 branch of the dungeon, and saw 5 of its levels.

You collected 220 gold pieces.
You spent 153 gold pieces at shops.


Innate Abilities, Weirdness & Mutations

You have a pair of horns on your head.
You reflexively headbutt those who attack you in melee.
Your skin changes colour to match your surroundings (Stealth+).
You passively map a small area around you.
Your spells are a little harder to cast, but a little more powerful.


   Skills:
 - Level 4.0 Fighting
 + Level 6.0 Ranged Weapons
 - Level 1.0 Armour
 - Level 2.1 Dodging
 - Level 1.0 Spellcasting
 - Level 2.0 Hexes


You had 6 spell levels left.
You knew the following spells:

 Your Spells              Type           Power      Damage    Failure   Level
a - Slow                  Hex            20%        N/A       41%         1

Your spell library contained the following spells:

 Spells                   Type           Power      Damage    Failure   Level
 Inner Flame              Hex/Fire       3%         N/A       87%         3
 Portal Projectile        Hex/Tloc       6%         N/A       87%         3
 Cause Fear               Hex            2%         N/A       98%         4

Inventory:

Hand Weapons
 Y - a +1 sling (weapon)
Armour
 d - a +0 pair of gloves (worn)
 f - a +0 ring mail (worn)
Jewellery
 a - an amulet of regeneration (around neck)
 l - a ring of protection from cold (left hand)
 m - a ring of positive energy
Scrolls
 b - 2 scrolls of teleportation
 k - a scroll of identify
Potions
 c - a potion of brilliance {unknown}
 e - 2 potions of degeneration {unknown}
 g - a potion of mutation
 h - a potion of curing {unknown}
 i - a potion of attraction {unknown}
 j - a potion of enlightenment {unknown}
 o - a potion of might {unknown}
 q - a potion of haste {unknown}

Dungeon Overview and Level Annotations

Branches:
Dungeon (5/15)
 Temple: D:4-7

Altars:
Ashenzari
Hepliaklqana
Ru
Trog
Uskayaw
The Shining One

Shops:
D:4 *


Message History

The ogre shouts!
Enter note:
Enter note:
Enter note:
Enter note: You shoot a sling bullet.
The sling bullet completely misses the ogre.
The ogre hits you with a +0 giant club.
You shoot a sling bullet. The sling bullet hits the ogre.
The ogre is lightly wounded.
You shoot a sling bullet. The sling bullet hits the ogre.
The ogre is moderately wounded.
The ogre misses you.
You shoot a sling bullet.
The sling bullet barely misses the ogre.
The ogre closely misses you.
You shoot a sling bullet. The sling bullet hits the ogre.
The ogre is heavily wounded.
The ogre hits you with a +0 giant club!
You shoot a sling bullet. The sling bullet hits the ogre.
The ogre is severely wounded.
The ogre misses you.
You shoot a sling bullet. The sling bullet hits the ogre.
The ogre is severely wounded.
You shoot a sling bullet.
The sling bullet barely misses the ogre.
The ogre hits you with a +0 giant club!!
Ouch! That really hurt!
3450 ||| READING 3 scrolls of teleportation.
As you read the scroll of teleportation, it crumbles to dust.
You feel strangely unstable. The ogre hits you with a +0 giant club!
You shoot a sling bullet.
The sling bullet barely misses the ogre.
The ogre hits you with a +0 giant club.
You shoot a sling bullet.
The sling bullet hits the ogre but does no damage.
The ogre is severely wounded.
The ogre hits you with a +0 giant club!
You die...

....... ,, ........ ,
.##..... , ........
..#.... * ........ *
*......###,, , ........
#........ ..#.......>#
###......, ,
............##......# #
<..............O....##..
,, #####.......#*
#@.....?. ##
*........####.......[ *
, .##
#......##......)... *
..## #......#.........#
, ?#..#
#.........####...#
.....###........# ....
.##...........>.#* ...
##...............# * ,..
.#................. ,


You could see an ogre.

Vanquished Creatures
  2 hounds (D:4)
  2 orc priests (D:3)
  A sleepcap (D:4)
  An iguana (D:4)
  An orc wizard (D:3)
  An adder (D:2)
  A dart slug (D:4)
  14 orcs
  6 endoplasms
  2 giant cockroaches (D:3)
  2 goblins (D:4)
  3 hobgoblins
  9 jackals
  9 kobolds
  6 quokkas
  7 ball pythons
  5 bats
  3 frilled lizards
  4 rats
79 creatures vanquished.

Notes
Turn   | Place    | Note
-------+----------+-------------------------------------------
     0 | D:1      | qw the Minotaur Hexslinger began the quest for the Orb.
     0 | D:1      | Reached XP level 1. HP: 16/16 MP: 1/1
     0 | D:1      | 0 ||| qw: Version: 0.3-a-52-g30416fa
     0 | D:1      | 0 ||| qw: Game counter: 7899
     0 | D:1      | 0 ||| qw: Melee chars always use a shield: true
     0 | D:1      | 0 ||| qw: God list: Okawaru
     0 | D:1      | 0 ||| qw: Allow faded altars: false
     0 | D:1      | 0 ||| qw: Do Orc after clearing Dungeon:15 true
     0 | D:1      | 0 ||| qw: Do second Lair branch before Depths: true
     0 | D:1      | 0 ||| qw: Lair rune preference: random
     0 | D:1      | 0 ||| qw: Goals: Normal
     0 | D:1      | 0 ||| PLANNING D:1-11
   169 | D:1      | Reached skill level 3 in Ranged Weapons
   178 | D:1      | Reached XP level 2. HP: 23/23 MP: 2/2
   692 | D:1      | 692 ||| UPGRADING to +0 pair of gloves.
   697 | D:1      | 697 ||| UPGRADING to +0 ring mail.
   707 | D:1      | 707 ||| DROPPING +0 robe.
   708 | D:1      | 708 ||| READING scroll labelled TIM OSTROENUIN.
   712 | D:1      | 712 ||| READING scroll labelled JIECHA MEVVU.
   713 | D:1      | 713 ||| DROPPING scroll of poison.
   737 | D:2      | Found a glowing golden altar of the Shining One.
  1067 | D:2      | Reached XP level 3. HP: 22/29 MP: 3/3
  1426 | D:2      | 1426 ||| READING scroll labelled REAT QIOHEUC.
  1427 | D:2      | 1427 ||| DRINKING 3 ruby potions.
  1427 | D:2      | Gained mutation: You have hidden genetic defects. [potion
                  | of mutation]
  1427 | D:2      | Gained mutation: You have an increased reservoir of magic.
                  | (+10% MP) [potion of mutation]
  1525 | D:3      | Reached skill level 4 in Ranged Weapons
  1624 | D:3      | Gained mutation: Potions are less effective at restoring
                  | your health. [hidden defects]
  1660 | D:3      | 1660 ||| DRINKING 2 potions of mutation.
  1660 | D:3      | Lost mutation: Potions are less effective at restoring your
                  | health. [potion of mutation]
  1660 | D:3      | Lost mutation: You have hidden genetic defects. [potion of
                  | mutation]
  1660 | D:3      | Lost mutation: You have an increased reservoir of magic.
                  | (+10% MP) [potion of mutation]
  1660 | D:3      | Gained mutation: Your skin changes colour to match your
                  | surroundings (Stealth+). [potion of mutation]
  1660 | D:3      | Gained mutation: Your spells are a little harder to cast,
                  | but a little more powerful. [potion of mutation]
  1660 | D:3      | Gained mutation: You passively map a small area around you.
                  | [potion of mutation]
  1704 | D:3      | Reached skill level 1 in Armour
  1747 | D:3      | Reached XP level 4. HP: 28/36 MP: 4/4
  1755 | D:3      | Reached skill level 5 in Ranged Weapons
  1934 | D:3      | Found a hide-covered altar of Uskayaw.
  1936 | D:3      | Found a sacrificial altar of Ru.
  1936 | D:3      | Found a bloodstained altar of Trog.
  1964 | D:3      | Found a hazy altar of Hepliaklqana.
  2269 | D:3      | 2269 ||| UPGRADING to amulet of regeneration.
  2274 | D:3      | 2274 ||| READING scroll labelled INAMUY ETZA.
  2275 | D:3      | 2275 ||| READING scroll labelled USHOXT FO QET.
  2276 | D:3      | 2276 ||| READING scroll labelled TERANG JUNTIGU.
  2277 | D:3      | 2277 ||| READING scroll labelled OKYTAL PESCHORGH.
  2278 | D:3      | 2278 ||| READING scroll labelled HASTRE SAASS.
  2279 | D:3      | 2279 ||| READING scroll labelled QOTITS IFIM.
  2287 | D:4      | 2287 ||| STAIRDANCE
  2301 | D:3      | Reached skill level 3 in Fighting
  2301 | D:3      | Reached XP level 5. HP: 36/45 MP: 5/5
  2319 | D:4      | 2319 ||| STAIRDANCE
  2445 | D:4      | Found a broken altar of Ashenzari.
  2505 | D:4      | Reached skill level 6 in Ranged Weapons
  2644 | D:4      | Reached XP level 6. HP: 22/52 MP: 6/6
  2696 | D:4      | Found Nueph's Assorted Antiques.
  2705 | D:4      | 2705 ||| SHOPLISTING 2 potions of mutation (416 gold, have
                  | 155).
  2705 | D:4      | 2705 ||| BUYING crooked copper wand (104 gold).
  2705 | D:4      | Bought a crooked copper wand for 104 gold pieces
  2705 | D:4      | 2705 ||| SHOPLISTING dyed leather armour (130 gold, have
                  | 51).
  2705 | D:4      | 2705 ||| BUYING inky potion (23 gold).
  2705 | D:4      | Bought an inky potion for 23 gold pieces
  2705 | D:4      | 2705 ||| SHOPLISTING pair of boots (117 gold, have 28).
  2705 | D:4      | 2705 ||| BUYING scroll labelled ZUEROEGGAPAI (26 gold).
  2705 | D:4      | Bought a scroll labelled ZUEROEGGAPAI for 26 gold pieces
  3306 | D:4      | 3306 ||| UPGRADING to ring of protection from cold.
  3307 | D:4      | 3307 ||| READING scroll labelled ZUEROEGGAPAI.
  3308 | D:4      | 3308 ||| DRINKING 2 lumpy black potions.
  3309 | D:4      | 3309 ||| DROPPING potion of magic.
  3310 | D:4      | 3310 ||| DROPPING wand of flame (4).
  3349 | D:5      | Entered Level 5 of the Dungeon
  3449 | D:5      | HP: 9/52 [ogre/+0 giant club (32)]
  3450 | D:5      | 3450 ||| READING 3 scrolls of teleportation.
  3450 | D:5      | HP: 2/52 [ogre/+0 giant club (8)]
  3452 | D:5      | Mangled by an ogre

Levels and vault maps discovered:
D:1:      sevenhm_arrival_forest_fort_large_4, layout_loops_ring
D:2:      layout_basic, basic_altar
D:3:      layout_loops_ring, grunt_temple_overflow_open
D:4:      layout_loops_corners, ashenzari_altar_1, serial_shops,
          kennysheep_mini_moat, grunt_ministairs_4,
          chequers_serial_rivers_small_3,
          nicolae_concentric_dashed_squares_wild,
          amcnicky_mini_rare_corridor_liquid, grunt_decor_mini_mirrors
D:5:      layout_cave_pools, nicolae_dithmenos_the_darkroom

Skill      XL: |  1  2  3  4  5  6 |
---------------+-------------------+-----
Ranged Weapons | 3 4 5 6 |  6.0
Fighting       | 2 3 4 |  4.0
Armour         | 1 |  1.0
Dodging        | |  2.1
Spellcasting   | |  1.0
Hexes          | |  2.0

Action                     |  1- 3 |  4- 6 || total
---------------------------+-------+-------++-------
   Fire: Sling             |   123 |   149 ||   272
    Use: Scroll            |     3 |     8 ||    11
         Potion            |     2 |     1 ||     3
 Armour: Robe              |     2 |       ||     2
         Ring mail         |    21 |    43 ||    64
  Dodge: Dodged            |    30 |    68 ||    98

Table legend:
 A = Non-vault XP
 B = Vault XP
 C = Vault XP percentage of total XP
 D = Non-vault monster count
 E = Vault monster count
 F = Vault count percentage of total count
                 A         B        C        D         E       F
            +---------+---------+-------+---------+---------+-------
      Total |     338 |      90 |  21.0 |      73 |       6 |   7.6
            +---------+---------+-------+---------+---------+-------
        D:1 |      32 |       0 |   0.0 |      22 |       0 |   0.0
        D:2 |      26 |       0 |   0.0 |       9 |       0 |   0.0
        D:3 |     128 |      50 |  28.1 |      26 |       4 |  13.3
        D:4 |     152 |      40 |  20.8 |      16 |       2 |  11.1
            +---------+---------+-------+---------+---------+-------
